AoeStats
← †Liz4ndr0†

Arabia

506013278Analyzed
3v3 RM · 21d ago on Sep 12, 2026· 37m 23s· 6 players
Game mode
Random Map
Map size
Normal (6 player)
Population
200
Speed
Normal
Resources
Standard
Victory
Conquest
Starting age
Dark Age
Ending age
Imperial Age
RankedLock teamsTeams togetherTeam positionsShared explorationLock speedFull tech treeHidden civsTurbo modeCheats
Victory
Defeat
🇧🇴 Britons · Bolivia
1127
+14
🇧🇴 Maya · Bolivia
1125
+14
🇧🇴 Persians · Bolivia
1058
+17
🇦🇷 Khmer · Argentina
1178
-18
🇦🇷 Tatars · Argentina
1076
-15
🇦🇷 Huns · Argentina
1013
-12
PECO
12:06 Feudal Age
18:19 Castle Age
16:22 Double-Bit Axe
18:49 Loom
20:05 Pikeman
20:52 Scale Barding Armor
22:10 Chain Barding Armor
23:37 Forging
24:02 Bow Saw
25:22 Wheelbarrow
26:23 Iron Casting
25:51 Husbandry
26:39 Bloodlines
27:13 Squires
28:48 Gold Mining
32:51 Town Watch
36:29 Imperial Age
35:42 Masonry
RuloEstuvoAcá
5:30 Loom
10:33 Feudal Age
11:20 Double-Bit Axe
12:50 Horse Collar
19:22 Castle Age
20:06 Gold Mining
22:11 Gold Shaft Mining
23:36 Fletching
24:17 Bodkin Arrow
24:17 Elite Skirmisher
25:14 Town Watch
26:07 Wheelbarrow
25:38 Padded Archer Armor
25:36 Stone Mining
26:35 Bloodlines
32:57 Scale Barding Armor
33:03 Forging
34:22 Hand Cart
35:02 Stone Shaft Mining
oneastheothers
4:49 Loom
13:14 Feudal Age
14:18 Double-Bit Axe
16:15 Padded Archer Armor
16:57 Fletching
19:39 Gold Mining
26:13 Castle Age
26:29 Wheelbarrow
26:21 Crossbowman
30:47 Bodkin Arrow
31:58 Leather Archer Armor
36:48 Light Cavalry
37:41 Bloodlines
"$uckov"
3:43 Loom
10:17 Feudal Age
18:46 Castle Age
17:33 Fletching
17:34 Horse Collar
19:16 Crossbowman
20:26 Padded Archer Armor
20:49 Forging
21:15 Pikeman
23:10 Scale Mail Armor
26:19 Gold Mining
27:03 Bodkin Arrow
28:24 Wheelbarrow
28:47 Leather Archer Armor
30:43 Hand Cart
36:09 Ballistics
†Liz4ndr0†
7:03 Loom
11:54 Feudal Age
12:22 Double-Bit Axe
12:18 Horse Collar
17:52 Castle Age
15:56 Gold Mining
17:00 Stone Mining
18:31 Bow Saw
18:23 Heavy Plow
25:53 Stone Shaft Mining
25:54 Gold Shaft Mining
28:50 Imperial Age
29:26 Forging
30:03 Wheelbarrow
31:44 Two-Man Saw
30:53 Husbandry
31:04 Bloodlines
31:10 Cavalier
34:17 Iron Casting
35:40 Crop Rotation
36:48 Blast Furnace
36:44 Savar
El_Pairus
0:38 Loom
12:38 Feudal Age
13:31 Horse Collar
16:41 Forging
16:32 Scale Mail Armor
17:01 Scale Mail Armor
19:26 Arson
21:00 Gold Mining
20:57 Double-Bit Axe
25:29 Castle Age
26:19 Squires
25:42 Eagle Warrior
27:13 Heavy Plow
27:30 Bow Saw
28:03 Iron Casting
27:43 Chain Mail Armor
28:15 Chain Mail Armor
31:23 Fletching
35:18 Imperial Age
33:34 Wheelbarrow
32:44 Town Watch
33:16 Bodkin Arrow
33:21 Padded Archer Armor
33:15 Elite Skirmisher
34:58 Ballistics
34:49 Fortified Wall
35:27 Hand Cart
35:18 Town Patrol
36:38 Conscription
36:20 Hul'che Javelineers
36:55 Bracer
37:43 Leather Archer Armor
38:29 Blast Furnace
Connection lost

Rejoining the realm…

Still unreachable

The connection could not be restored.

Session expired

The server has moved on; the page needs a fresh start.